 Dungeon Crawl Stone Soup version 0.27-a0-906-g0a00ce863d (webtiles) character file.

Game seed: 6498175257492401309

6874 Misha the Carver (level 11, -11/86 HPs)
             Began as a Djinni Gladiator on Apr 7, 2021.
             Was a Priest of the Shining One.
             Mangled by an orc knight
             ... wielding a +1 war axe
              (26 damage)
             ... on level 9 of the Dungeon.
             The game lasted 00:23:04 (9068 turns).

Misha the Carver (Djinni Gladiator)                 Turns: 9068, Time: 00:23:05

Health: -11/86     AC:  7    Str: 21    XL:     11   Next: 6%
Gold:   471        EV: 15    Int: 11    God:    the Shining One [***...] SH: 10 Dex: 15

rFire    + + .     SeeInvis .   a - +6 long sword
rCold    x . .     Faith    +   (no shield)
rNeg     + . .     Spirit   .   z - +0 leather armour {Will+}
rPois    ∞         Reflect  .   c - +0 helmet
rElec    .         Harm     .   l - +0 cloak
rCorr    .         Rampage  .   q - +0 pair of gloves
Will     ++...                  (boots unavailable)
Stlth    +.........             u - amulet of faith
HPRegen  0.24/turn              s - +6 ring of strength
MPRegen  0.00/turn              i - +4 ring of slaying

@: divinely shielded, flying, glowing
A: fire resistance 2, cold vulnerability 1, float, innate caster, hp casting,
extra vitality 1, large bone plates 1, robust 1
a: Renounce Religion, Divine Shield


You were on level 9 of the Dungeon.
You worshipped the Shining One.
The Shining One was most pleased with you.
You visited 1 branch of the dungeon, and saw 9 of its levels.

You collected 1558 gold pieces.
You spent 1087 gold pieces at shops.

Inventory:

Hand Weapons
 a - a +6 long sword (weapon)
 w - a +0 great sword
 B - a +4 long sword
Missiles
 d - 11 throwing nets (quivered)
 e - 23 poisoned darts
 E - 6 atropa-tipped darts
 F - 2 curare-tipped darts
Armour
 c - a +0 helmet (worn)
 j - +0 acid dragon scales
 l - a +0 cloak (worn)
 q - a +0 pair of gloves (worn)
 y - +0 steam dragon scales
 z - a +0 leather armour of willpower (worn)
Jewellery
 b - an amulet of the acrobat
 f - a +6 ring of intelligence
 i - a +4 ring of slaying (right hand)
 s - a +6 ring of strength (left hand)
 u - an amulet of faith (around neck)
 v - a +4 ring of evasion
 x - a ring of ice
Wands
 m - a wand of paralysis (9)
 o - a wand of charming (3)
 r - a wand of mindburst (11)
 D - a wand of acid (4)
Scrolls
 k - 4 scrolls of identify
 n - 2 scrolls of magic mapping
 p - 3 scrolls of fear
Potions
 g - 2 potions of mutation
 h - a potion of haste
 t - a potion of ambrosia {unknown}
 A - a potion of curing
 C - a potion of cancellation


   Skills:
 + Level 7.2 Fighting
 + Level 11.3 Long Blades
 + Level 1.7 Throwing
 + Level 5.2 Armour
 + Level 6.6 Dodging
 + Level 1.3 Stealth
 + Level 3.2 Shields
 + Level 0.5 Spellcasting
 + Level 1.3 Invocations
 + Level 0.7 Evocations


You couldn't memorise any spells.
You knew the following spells:

 Your Spells              Type           Power      Damage    Failure   Level
a - Summon Small Mammal   Summ           4%         N/A       30%         1
b - Swiftness             Air            1%         N/A       43%         2
c - Iskenderun's Mystic   Conj/Tloc      1%         2d3       97%         4
d - Passage of Golubria   Tloc           N/A        N/A       97%         4
z - Ensorcelled Hibernat  Hex/Ice        2%         N/A       43%         2
Your spell library was empty.

Dungeon Overview and Level Annotations

Branches:
Dungeon (9/15)             Temple (0/1) D:7            Lair (0/6) D:9
    Orc: D:9-12

Altars:
Cheibriados
Elyvilon
Gozag
Nemelex Xobeh
Qazlal
Sif Muna
Trog
Uskayaw
Vehumet
Xom
Zin
The Shining One

Shops:
D:2 [*=(*   D:5 *

Annotations:
D:8 exclusion: statue


Innate Abilities, Weirdness & Mutations

You are immune to poison.
Your flesh is very heat resistant. (rF++)
You are vulnerable to cold. (rC-)
You float through the air rather than walking.
You learn spells naturally, not from books.
Your magical power is your life essence.
You have superior vitality. (+4 HP)
You are partially covered in large bone plates. (SH +4)
You are robust. (+10% HP)


Message History

You are too injured to fight recklessly!
You barely miss the orc knight.
The orc knight is heavily wounded.
The orc knight hits you with a +1 war axe!!
* * * LOW HITPOINT WARNING * * *
You block the orc warrior's attack. You block the ogre's attack.
You slash the orc knight!
The orc knight is severely wounded.
The orc priest begins to cast a cantrip, but forgets the words!
The orc knight misses you.
You riposte.
You hit the orc knight but do no damage.
The orc knight is severely wounded.
The orc warrior closely misses you. A divine shield forms around you!
You block the ogre's attack.
You slash the ogre!
The ogre is heavily wounded.
The orc priest barely misses you.
You completely miss the orc knight.
The orc knight is severely wounded.
The orc priest hits you from afar with a +0 trident.
* * * LOW HITPOINT WARNING * * *
You hit the orc knight but do no damage.
The orc knight is severely wounded.
The orc priest misses you.
You slash the orc knight!
The orc knight is almost dead.
You block the orc priest's attack.
You hit the orc knight.
The orc knight is almost dead.
You block the orc knight's attack. The orc warrior barely misses you.
You hit the orc knight but do no damage.
The orc knight is almost dead.
You block the orc priest's attack. You block the orc knight's attack.
The orc warrior misses you.
You riposte.
You hit the orc warrior.
The orc warrior is lightly wounded.
You hit the orc knight but do no damage.
The orc knight is almost dead.
The orc priest casts a cantrip, but nothing happens.
The orc knight hits you with a +1 war axe!!
You die...

)####..#..#..#..)#..#.##...##.#.#
...)......#.#....†### #.....#.#..
..))......#.#.....# #.......'..
..........###.....# #.....#.#..
.>....[...#..#...#..# ##...##.#.<
..........#.#.###.#.# #####..#..
..........##....#..## ..##.>
..........#####'##### ### #..
..........#....o@...# #..
..........#.###o###.# #.. ....
#[o..(# ... ##...## ### (...[
##..[## )...[ #####


You could see an orc knight, an orc warrior (strong) and an orc priest (strong).

Vanquished Creatures
  Harold (D:8)
  2 two-headed ogres
  2 kobold demonologists (D:9)
  5 yaks
  4 steam dragons
  An acid dragon (D:9)
  A water moccasin (D:8)
  3 orc warriors
  3 sky beasts
  A black bear (D:6)
  A necrophage (D:5)
  A centaur (D:9)
  A phantom (D:6)
  3 kobold brigands
  2 gnoll sergeants (D:9)
  5 scorpions
  9 wights
  A howler monkey (D:8)
  An electric eel (D:7)
  2 bullfrog zombies
  A jelly (D:6)
  5 orc priests
  2 gnoll shamans (D:9)
  Crazy Yiuf (D:2)
  A bullfrog skeleton (D:6)
  4 hounds
  An iguana (D:6)
  Jessica (D:3)
  4 orc wizards
  A hell rat (D:7)
  A killer bee zombie (D:8)
  A hound zombie (D:5)
  A howler monkey skeleton (D:7)
  A howler monkey zombie (D:9)
  16 gnolls
  4 adders
  8 river rats (D:7)
  A shadow imp (D:7)
  A white imp (D:6)
  An ufetubus (D:5)
  3 worms (D:2)
  An adder skeleton (D:4)
  2 dart slugs
  25 orcs
  3 ball pythons
  6 bats
  5 endoplasms
  2 giant cockroaches
  4 goblins
  7 hobgoblins
  14 jackals
  9 quokkas
  17 kobolds
  19 rats
222 creatures vanquished.

Vanquished Creatures (collateral kills)
  A kobold (D:2)
1 creature vanquished.

Vanquished Creatures (others)
  A yak (D:7)
  9 plants
10 creatures vanquished.

Grand Total: 233 creatures vanquished

Notes
Turn   | Place    | Note
-------+----------+-------------------------------------------
     0 | D:1      | Misha the Djinni Gladiator began the quest for the Orb.
     0 | D:1      | Reached XP level 1. HP: 18/18 MP: 0/0
   253 | D:1      | Reached XP level 2. HP: 20/23 MP: 0/0
   857 | D:2      | Found Livegh's Weapon Boutique.
   878 | D:2      | Found a hide-covered altar of Uskayaw.
   890 | D:2      | Reached XP level 3. HP: 28/28 MP: 0/0
   890 | D:2      | Learned a level 1 spell: Summon Small Mammal
   906 | D:2      | Found Zololl's Assorted Antiques.
  1101 | D:2      | Reached skill level 3 in Long Blades
  1235 | D:2      | You are sucked into a shaft and drop 2 floors!
  1411 | D:3      | Found a white marble altar of Elyvilon.
  1426 | D:3      | Reached skill level 1 in Armour
  1533 | D:2      | Found Ymeum's Jewellery Emporium.
  1539 | D:2      | Reached XP level 4. HP: 30/34 MP: 0/0
  1871 | D:2      | Found Tihoeh's General Store.
  1882 | D:2      | Bought a potion of heal wounds for 70 gold pieces
  2010 | D:2      | You are sucked into a shaft and drop 1 floor!
  2027 | D:2      | Found Exinil's Armour Boutique.
  2095 | D:2      | Found a runed translucent door.
  2096 | D:2      | Noticed Crazy Yiuf
  2104 | D:2      | Killed Crazy Yiuf
  2240 | D:2      | Reached XP level 5. HP: 39/39 MP: 0/0
  2240 | D:2      | Learned a level 2 spell: Swiftness
  2291 | D:2      | Bought a scroll labelled BILENYIQETS for 18 gold pieces
  2291 | D:2      | Bought a scroll labelled CELEN VUT for 18 gold pieces
  2460 | D:3      | Noticed Jessica
  2475 | D:3      | Killed Jessica
  2589 | D:3      | Found a faded altar of an unknown god.
  2592 | D:3      | Became a worshipper of the Shining One
  2592 | D:3      | Reached * piety under the Shining One
  2716 | D:2      | Bought a glowing cyan potion for 16 gold pieces
  2716 | D:2      | Bought an inky potion for 16 gold pieces
  2716 | D:2      | Gained mutation: You are partially covered in large bone
                  | plates. (SH +4) [potion of mutation]
  2716 | D:2      | Gained mutation: You are robust. (+10% HP) [potion of
                  | mutation]
  2769 | D:4      | Reached skill level 4 in Long Blades
  3511 | D:5      | Entered Level 5 of the Dungeon
  3511 | D:5      | Noticed a kobold brigand
  3519 | D:5      | Killed a kobold brigand
  3520 | D:5      | Reached XP level 6. HP: 39/50 MP: 0/0
  3727 | D:5      | Reached skill level 5 in Long Blades
  3830 | D:5      | Noticed a necrophage
  3835 | D:5      | Killed a necrophage
  3836 | D:5      | Reached XP level 7. HP: 55/55 MP: 0/0
  3836 | D:5      | Learned a level 2 spell: Ensorcelled Hibernation
  3883 | D:5      | Found Xakuasch's General Store.
  3888 | D:5      | Bought a potion of heal wounds for 60 gold pieces
  3888 | D:5      | Bought a +0 pair of gloves for 54 gold pieces
  4280 | D:6      | Identified a scroll of acquirement
  4280 | D:6      | Acquired 754 gold pieces
  4374 | D:2      | Bought a +6 ring of strength for 585 gold pieces
  4461 | D:6      | Reached skill level 6 in Long Blades
  4541 | D:6      | Found a bloodstained altar of Trog.
  4551 | D:6      | Reached skill level 1 in Shields
  4726 | D:6      | Reached ** piety under the Shining One
  4734 | D:6      | Reached XP level 8. HP: 29/62 MP: 0/0
  5185 | D:6      | Reached skill level 7 in Long Blades
  5424 | D:6      | Identified the +9 falchion "Xedu" {drain, rElec Int+3 Dex+4
                  | SInv}
  5857 | D:7      | Reached skill level 8 in Long Blades
  5857 | D:7      | Reached XP level 9. HP: 69/69 MP: 0/0
  5857 | D:7      | Learned a level 4 spell: Iskenderun's Mystic Blast
  5887 | D:7      | Reached skill level 1 in Stealth
  6176 | D:2      | Bought a ring of ice for 250 gold pieces
  6343 | D:7      | Reached skill level 5 in Fighting
  6343 | D:7      | Reached skill level 5 in Dodging
  6373 | D:7      | Found a glowing golden altar of the Shining One.
  6462 | D:7      | Found a staircase to the Ecumenical Temple.
  6469 | D:7      | Reached skill level 9 in Long Blades
  6480 | D:7      | Reached skill level 5 in Armour
  6481 | D:7      | Reached *** piety under the Shining One
  7117 | D:8      | Found a snail-covered altar of Cheibriados.
  7329 | D:8      | Found a hide-covered altar of Uskayaw.
  7357 | D:8      | Found a stormy altar of Qazlal.
  7560 | D:8      | Noticed a two-headed ogre
  7567 | D:8      | Killed a two-headed ogre
  7568 | D:8      | Reached XP level 10. HP: 64/79 MP: 0/0
  7684 | D:8      | Noticed an angel
  7685 | D:8      | Found a glowing silver altar of Zin.
  7685 | D:8      | Found a shimmering altar of Xom.
  7783 | D:8      | Noticed Harold
  7810 | D:8      | Killed Harold
  7811 | D:8      | Reached skill level 10 in Long Blades
  7811 | D:8      | Reached skill level 1 in Invocations
  8081 | D:8      | Found a sparkling altar of Nemelex Xobeh.
  8081 | D:8      | Found an opulent altar of Gozag.
  8492 | D:9      | Noticed a two-headed ogre
  8499 | D:9      | Killed a two-headed ogre
  8546 | D:9      | Found a staircase to the Lair.
  8816 | D:9      | Noticed a kobold demonologist
  8823 | D:9      | Killed a kobold demonologist
  8852 | D:9      | Reached skill level 11 in Long Blades
  8890 | D:9      | Noticed a kobold demonologist
  8899 | D:9      | Reached XP level 11. HP: 73/86 MP: 0/0
  8899 | D:9      | Learned a level 4 spell: Passage of Golubria
  9051 | D:9      | Noticed an orc knight
  9068 | D:9      | Mangled by an orc knight

Illustrated notes

Levels and vault maps discovered:
D:1:      lightli_arrival_chessboard, layout_loops_ring
D:2:      layout_loops_ring, serial_shops, nicolae_shop_stone,
          nicolae_shop_temple_entry_statues_fountains,
          nicolae_shop_window_shopping,
          nicolae_shop_competitors_out_of_business, shop, basic_altar,
          uniq_crazy_yiuf_cottage
D:3:      layout_rooms, nicolae_elyvilon_temple_path, basic_ecumenical_altar,
          uniq_jessica
D:4:      layout_gridville, old_standard_altar, minmay_misc_feat_four_crosses
D:5:      layout_loops_ring, serial_shops, shop, minmay_misc_feat_rugged
D:6:      layout_loops_ring, lemuel_doored_altar, serial_co_window_serial,
          co_window_of_opportunity_a, co_window_paths_a, co_window_paths_a,
          co_window_corner_a, co_window_paths_a, co_window_of_opportunity_c,
          co_window_cross_4, co_window_unsneaky_path_a, co_window_paths_c,
          co_window_broadway_c, co_window_2corner, co_window_4corner_a
D:7:      lemuel_ratsnest, layout_basic, tso_metal_star,
          minmay_temple_entry_statues_fountains, serial_bayou_lagoon_a
D:8:      layout_rooms, grunt_temple_overflow_order_and_chaos_1,
          grunt_temple_overflow_opulence, amcnicky_altar_gilded,
          nicolae_uskayaw_suspiria, vehumet_statue,
          nicolae_qazlal_general_emergency, chequers_serial_rivers_micro_e,
          amcnicky_mini_pool_small, minivault_27, roderic_st_hans_cross,
          hangedman_decor_lopped, uniq_harold
D:9:      minmay_the_grid_4x2 [minmay_the_grid_expand, minmay_the_grid_armoury,
          minmay_the_grid_spin_star, minmay_the_grid_outer_diamond,
          minmay_the_grid_dragon_b, minmay_the_grid_mess,
          minmay_the_grid_spikes, minmay_the_grid_prize_four_corners],
          layout_cross, lair_entry_dummy, serial_gnoll_camp,
          gnoll_camp_mini_shop, gnoll_camp_mini_shop, gnoll_camp_medium_01,
          gnoll_camp_medium_02, minmay_holes

Skill      XL: |  1  2  3  4  5  6  7  8  9 10 |
---------------+-------------------------------+-----
Long Blades    | 3 4 5 6 8 9 11 | 11.3
Armour         | 1 2 3 4 5 |  5.2
Dodging        | 4 5 6 |  6.6
Fighting       | 3 4 5 7 |  7.2
Shields        | 1 2 3 |  3.2
Stealth        | 1 |  1.3
Invocations    | 1 |  1.3
Throwing       | |  1.7
Spellcasting   | |  0.5
Evocations     | |  0.7

Action                   |  1- 3 |  4- 6 |  7- 9 | 10-12 || total
-------------------------+-------+-------+-------+-------++-------
Melee: Long sword        |    82 |   130 |   221 |   133 ||   566
Throw: Throwing net      |       |     1 |       |       ||     1
 Cast: Summon Small Mamm |     1 |       |       |       ||     1
Invok: Divine Shield     |       |       |     2 |     4 ||     6
Evoke: Wand              |       |       |     3 |     2 ||     5
  Use: Scroll            |     2 |     5 |     4 |     2 ||    13
       Potion            |       |     9 |     2 |     2 ||    13
Armor: Leather armour    |    33 |    21 |     9 |    11 ||    74
       Chain mail        |       |    21 |    37 |       ||    58
       Ring mail         |       |       |    12 |       ||    12
       Steam dragon scal |       |       |     4 |       ||     4
       Skin              |       |       |     1 |       ||     1
Dodge: Dodged            |    57 |    80 |   121 |   103 ||   361
Block: Other             |       |    13 |    31 |    44 ||    88
       Rpst.: Long sword |    22 |    27 |    41 |    33 ||   123

Table legend: (Time is in decaauts)
 A = Elapsed time spent in this place.
 B = Non-inter-level travel time spent in this place.
 C = Inter-level travel time spent in this place.
 D = Time resting spent in this place.
 E = Time spent auto-exploring this place.
 F = Levels seen in this place.
 G = Mean time per level.
                   A        B        C        D        E       F      G
               +--------+--------+--------+--------+--------+-----+--------+
         Total |   9095 |   8531 |    564 |   1540 |   5357 |   9 | 1010.6 |
       Dungeon |   9095 |   8531 |    564 |   1540 |   5357 |   9 | 1010.6 |
               +--------+--------+--------+--------+--------+-----+--------+

Top non-repeatable levels by time:
     D:6: 1499 daAuts
     D:2: 1295 daAuts
     D:7: 1111 daAuts
     D:8: 1000 daAuts
     D:9: 949 daAuts
     D:1: 845 daAuts
     D:4: 814 daAuts
     D:5: 813 daAuts
     D:3: 766 daAuts
